 Dungeon Crawl Stone Soup version 0.29.1-1-gd02db6906a (webtiles) character file.

Game seed: 10767048532788574185

35 SINSOJ the Cudgeller (level 3, -1/49 HPs)
             Began as a Minotaur Berserker on Oct 20, 2022.
             Was a Believer of Trog.
             Shot with a sling bullet by a goblin (4 damage)
             ... led by Robin
             ... on level 2 of the Dungeon.
             The game lasted 00:02:06 (1056 turns).

SINSOJ the Cudgeller (Minotaur Berserker)           Turns: 1056, Time: 00:02:07

Health: -1/49      AC:  2    Str: 23    XL:     3   Next: 17%
Magic:  2/2        EV: 12    Int:  4    God:    Trog [**....]
Gold:   85         SH:  0    Dex:  9    Spells: 2/2 levels left

rFire   . . .      SeeInvis .   a - +0 mace
rCold   . . .      Faith    .   (no shield)
rNeg    . . .      Spirit   .   b - +0 animal skin
rPois   .          Reflect  .   (helmet restricted)
rElec   .          Harm     .   (no cloak)
rCorr   .          Rampage  .   (no gloves)
Will    ++...                   (no boots)
Stlth   ..........              (no amulet)
HPRegen 1.16/turn               (no ring)
MPRegen 0.08/turn               (no ring)

@: berserking, strong-willed, regenerating, very quick
A: horns 2, retaliatory headbutt
a: Renounce Religion, Berserk, Trog's Hand


You were on level 2 of the Dungeon.
You worshipped Trog.
Trog was pleased with you.
You visited 1 branch of the dungeon, and saw 2 of its levels.

You collected 85 gold pieces.

Inventory:

Hand Weapons
 a - a +0 mace (weapon)
Armour
 b - a +0 animal skin (worn)
Scrolls
 c - a scroll of identify {unknown}
 f - a scroll of blinking {unknown}
Potions
 d - a potion of might {unknown}
 e - a potion of invisibility {unknown}


   Skills:
 + Level 3.9 Fighting
 + Level 4.6 Maces & Flails
 + Level 2.4 Armour
 + Level 2.6 Dodging
 + Level 0.2 Stealth


You had 2 spell levels left.
You didn't know any spells.
Your spell library was empty.

Dungeon Overview and Level Annotations

Branches:
Dungeon (2/15)

Altars:


Innate Abilities, Weirdness & Mutations

You have a pair of horns on your head.
You reflexively headbutt those who attack you in melee.


Message History

* * * LOW HITPOINT WARNING * * *
The hobgoblin barely misses you.
You hit the hobgoblin.
The hobgoblin is severely wounded.
The hobgoblin closely misses you. You furiously retaliate!
You headbutt the hobgoblin!
You kill the hobgoblin!
Trog accepts your kill. The goblin closely misses you.
You hit the goblin.
You kill the goblin!
Trog accepts your kill. Robin hits you but does no damage.
The goblin unwields a +0 club.
The goblin wields a +0 sling.
The goblin shoots a sling bullet.
The sling bullet hits you.
* * * LOW HITPOINT WARNING * * *
You barely miss Robin. You barely miss the hobgoblin.
The hobgoblin closely misses you. Robin hits you but does no damage.
The goblin shoots a sling bullet.
The sling bullet hits you.
* * * LOW HITPOINT WARNING * * *
You sock the hobgoblin!
You kill the hobgoblin!
Trog accepts your kill.
A goblin comes into view. It is wielding a +0 dagger.
Robin hits you but does no damage.
The goblin shoots a sling bullet.
The sling bullet misses you.
The goblin shouts!
You closely miss Robin. You headbutt Robin!
Robin is heavily wounded.
Robin hits you with a +0 club.
* * * LOW HITPOINT WARNING * * *
You closely miss Robin.
Robin is heavily wounded.
The goblin shoots a sling bullet.
The sling bullet closely misses you.
You completely miss Robin. You headbutt Robin!
You kill Robin!
Trog accepts your kill.
The goblin shoots a sling bullet.
The sling bullet hits you.
You die...

#+#
##.#######
#.<....$..
#)@#######
#)))#
gg....#
#g#...##
#?#..## #
#.## .. ##


You could see 3 goblins.

Vanquished Creatures
  Robin (D:2)
  A dart slug (D:1)
  2 ball pythons (D:1)
  3 endoplasms (D:1)
  3 giant cockroaches (D:1)
  6 goblins (D:2)
  4 hobgoblins
  3 kobolds (D:1)
  A quokka (D:1)
  3 bats (D:1)
  A frilled lizard (D:1)
28 creatures vanquished.

Notes
Turn   | Place    | Note
-------+----------+-------------------------------------------
     0 | D:1      | SINSOJ the Minotaur Berserker began the quest for the Orb.
     0 | D:1      | Reached XP level 1. HP: 19/19 MP: 0/0
    75 | D:1      | Reached skill level 4 in Maces & Flails
   181 | D:1      | Reached XP level 2. HP: 12/26 MP: 1/1
  1042 | D:2      | Reached ** piety under Trog
  1042 | D:2      | Noticed Robin
  1046 | D:2      | Reached XP level 3. HP: 8/33 MP: 2/2
  1054 | D:2      | HP: 1/49 [Robin/+0 club (4)]
  1056 | D:2      | Killed Robin
  1056 | D:2      | Shot with a sling bullet by a goblin

Illustrated notes

Levels and vault maps discovered:
D:1:      roderic_octagonal_star, layout_rooms
D:2:      layout_loops_corners, st_stairs_6, uniq_robin, uniq_jessica,
          uniq_natasha, uniq_crazy_yiuf_cottage

Skill      XL: |  1 |
---------------+----+-----
Maces & Flails | 4 |  4.6
Fighting       | |  3.9
Armour         | |  2.4
Dodging        | |  2.6
Stealth        | |  0.2

Action                   || total
-------------------------++-------
Melee: Mace              ||    50
       Headbutt          ||     6
Invok: Berserk           ||     1
       Trog's Hand       ||     1
 Stab: Sleeping          ||     1
Armor: Animal skin       ||    17
Dodge: Dodged            ||    61
